[ PARTIDA AOE2 · #505518125 ]
UnrankedLituanos vs Goths
Equipo del jugador · VICT
Equipo rival · DERR
[ ANÁLISIS DE REPETICIÓN · EXTRAÍDO DE LA PARTIDA GRABADA ]
Feudal
14:09
Castillos
18:36
Imperial
46:20
| APM promedio | 71.1 |
| APM pico | 137 |
| eAPM promedio | 38.3 |
| Aldeanos / militares | 183 / 296 |
Foco
⚔️ 47.7% · 🌾 52.3%
Leitis ×78 · Hand Cannoneer ×76 · Cavalry Archer ×51 · Scout Cavalry ×41 · Knight ×30 · Monk ×8
Feudal
12:16
Castillos
29:00
Imperial
45:52
| APM promedio | 45.1 |
| APM pico | 136 |
| eAPM promedio | 31.2 |
| Aldeanos / militares | 150 / 319 |
Foco
⚔️ 37.4% · 🌾 62.6%
Spearman ×262 · Militia ×22 · Huskarl ×21 · Scout Cavalry ×8 · Monk ×4 · Trebuchet (Packed) ×2
Mapa de la partida
Recursos iniciales + cada clic de construcción. Líneas = muros · curvas = relieve. ◆ oro · ⬟ piedra · ● bayas · ✦ reliquia · ◌ hueco del cierre
Tu base· Abierta — flanco sin cerrar
Base de themad22· Abierta — flanco sin cerrar
Terreno inicial suavizado · ◌ = hueco del cierre detectado · pasá el cursor para detalles
Inputs por minuto
— LowEloNobody - - themad22
Build order — LowEloNobody
Primeras 150 de 798 acciones detectadas
| 0:29 | Construir | Town Center |
| 1:12 | Construir | House |
| 2:07 | Construir | House |
| 2:24 | Encolar | Villager (Male) |
| 2:24 | Encolar | Villager (Male) |
| 2:24 | Encolar | Villager (Male) |
| 2:26 | Encolar | Villager (Male) |
| 2:36 | Encolar | Villager (Male) |
| 2:36 | Encolar | Villager (Male) |
| 2:49 | Construir | House |
| 3:02 | Construir | House |
| 4:16 | Encolar | Villager (Male) |
| 4:20 | Encolar | Villager (Male) |
| 4:52 | Construir | House |
| 5:20 | Encolar | Villager (Male) |
| 5:24 | Construir | Mill |
| 5:26 | Encolar | Villager (Male) |
| 5:41 | Encolar | Villager (Male) |
| 6:17 | Construir | House |
| 6:39 | Construir | House |
| 6:54 | Encolar | Villager (Male) |
| 6:55 | Encolar | Villager (Male) |
| 6:58 | Construir | Palisade Wall |
| 6:59 | Encolar | Villager (Male) |
| 7:17 | Encolar | Villager (Male) |
| 7:28 | Encolar | Villager (Male) |
| 7:32 | Encolar | Villager (Male) |
| 7:50 | Encolar | Villager (Male) |
| 7:54 | Construir | Outpost |
| 8:10 | Encolar | Villager (Male) |
| 8:21 | Encolar | Villager (Male) |
| 8:41 | Encolar | Villager (Male) |
| 8:48 | Construir | House |
| 8:59 | Encolar | Villager (Male) |
| 9:14 | Encolar | Villager (Male) |
| 9:25 | Encolar | Villager (Male) |
| 9:33 | Construir | House |
| 9:56 | Encolar | Villager (Male) |
| 10:04 | Encolar | Villager (Male) |
| 10:05 | Investigar | Loom |
| 10:18 | Encolar | Villager (Male) |
| 10:41 | Construir | House |
| 10:49 | Encolar | Villager (Male) |
| 10:52 | Construir | House |
| 10:58 | Encolar | Villager (Male) |
| 11:18 | Encolar | Villager (Male) |
| 11:20 | Construir | Lumber Camp |
| 11:47 | Investigar | Feudal Age |
| 11:47 | Investigar | Feudal Age |
| 12:20 | Construir | House |
| 13:01 | Construir | House |
| 13:01 | Construir | House |
| 13:17 | Construir | Barracks |
| 13:28 | Construir | Palisade Wall |
| 13:51 | Encolar | Villager (Male) |
| 14:09 | Edad | Edad Feudal |
| 14:11 | Construir | Archery Range |
| 14:11 | Encolar | Villager (Male) |
| 14:18 | Construir | Blacksmith |
| 14:46 | Construir | Watch Tower |
| 14:53 | Investigar | Fletching |
| 14:53 | Investigar | Fletching |
| 14:54 | Encolar | Archer |
| 14:54 | Encolar | Archer |
| 15:26 | Encolar | Villager (Male) |
| 15:32 | Encolar | Archer |
| 15:56 | Investigar | Castle Age |
| 15:56 | Investigar | Castle Age |
| 16:07 | Encolar | Villager (Male) |
| 16:31 | Encolar | Villager (Male) |
| 16:59 | Encolar | Villager (Male) |
| 17:15 | Encolar | Archer |
| 17:15 | Encolar | Archer |
| 18:07 | Encolar | Villager (Male) |
| 18:17 | Encolar | Archer |
| 18:36 | Edad | Edad de los Castillos |
| 18:38 | Construir | Lumber Camp |
| 18:41 | Encolar | Villager (Male) |
| 19:28 | Encolar | Villager (Male) |
| 19:37 | Investigar | Town Watch |
| 19:41 | Construir | Blacksmith |
| 19:48 | Encolar | Villager (Male) |
| 19:57 | Investigar | Double-Bit Axe |
| 19:57 | Investigar | Double-Bit Axe |
| 20:10 | Encolar | Villager (Male) |
| 20:15 | Encolar | Villager (Male) |
| 20:28 | Encolar | Villager (Male) |
| 20:48 | Construir | Market |
| 20:51 | Encolar | Villager (Male) |
| 20:56 | Construir | Palisade Wall |
| 20:57 | Construir | Palisade Wall |
| 21:00 | Construir | Palisade Wall |
| 21:01 | Construir | Palisade Wall |
| 21:02 | Construir | Palisade Wall |
| 21:14 | Investigar | Bodkin Arrow |
| 21:14 | Investigar | Bodkin Arrow |
| 21:29 | Construir | House |
| 21:33 | Encolar | Villager (Male) |
| 22:01 | Construir | Palisade Wall |
| 22:02 | Construir | Palisade Wall |
| 22:05 | Encolar | Villager (Male) |
| 22:08 | Construir | Archery Range |
| 22:09 | Encolar | Villager (Male) |
| 22:13 | Investigar | Padded Archer Armor |
| 22:13 | Investigar | Padded Archer Armor |
| 22:19 | Encolar | Villager (Male) |
| 22:29 | Construir | House |
| 22:37 | Encolar | Cavalry Archer |
| 22:37 | Encolar | Cavalry Archer |
| 22:59 | Encolar | Cavalry Archer |
| 22:59 | Encolar | Cavalry Archer |
| 23:10 | Encolar | Cavalry Archer |
| 23:10 | Encolar | Cavalry Archer |
| 23:25 | Encolar | Cavalry Archer |
| 23:25 | Encolar | Cavalry Archer |
| 23:47 | Encolar | Villager (Male) |
| 24:07 | Construir | House |
| 24:07 | Construir | House |
| 24:13 | Encolar | Villager (Male) |
| 24:25 | Construir | Town Center |
| 24:36 | Construir | House |
| 24:46 | Encolar | Villager (Male) |
| 24:57 | Encolar | Villager (Male) |
| 25:03 | Construir | House |
| 25:04 | Construir | Palisade Wall |
| 25:17 | Encolar | Villager (Male) |
| 25:42 | Encolar | Cavalry Archer |
| 25:42 | Encolar | Cavalry Archer |
| 25:45 | Encolar | Villager (Male) |
| 25:47 | Construir | Archery Range |
| 25:49 | Encolar | Villager (Male) |
| 25:57 | Encolar | Villager (Male) |
| 26:03 | Encolar | Villager (Male) |
| 26:10 | Encolar | Cavalry Archer |
| 26:11 | Encolar | Cavalry Archer |
| 26:17 | Construir | Stable |
| 26:28 | Encolar | Cavalry Archer |
| 26:28 | Encolar | Cavalry Archer |
| 26:36 | Encolar | Cavalry Archer |
| 26:36 | Encolar | Cavalry Archer |
| 26:37 | Encolar | Villager (Male) |
| 26:38 | Encolar | Villager (Male) |
| 26:55 | Encolar | Cavalry Archer |
| 26:55 | Encolar | Cavalry Archer |
| 27:00 | Encolar | Villager (Male) |
| 27:01 | Encolar | Villager (Male) |
| 27:04 | Construir | Monastery |
| 27:06 | Construir | Farm |
| 27:06 | Construir | Farm |
| 27:06 | Construir | Farm |
Build order — themad22
Primeras 150 de 685 acciones detectadas
| 0:19 | Construir | Town Center |
| 2:11 | Investigar | Loom |
| 2:11 | Encolar | Villager (Male) |
| 2:11 | Encolar | Villager (Male) |
| 2:12 | Encolar | Villager (Male) |
| 2:12 | Encolar | Villager (Male) |
| 3:07 | Construir | House |
| 3:11 | Construir | House |
| 3:16 | Encolar | Villager (Male) |
| 3:16 | Encolar | Villager (Male) |
| 3:45 | Encolar | Villager (Male) |
| 4:01 | Construir | House |
| 4:19 | Encolar | Villager (Male) |
| 4:20 | Encolar | Villager (Male) |
| 4:22 | Construir | Lumber Camp |
| 5:03 | Encolar | Villager (Male) |
| 5:06 | Encolar | Villager (Male) |
| 5:31 | Encolar | Villager (Male) |
| 6:08 | Construir | House |
| 6:35 | Encolar | Villager (Male) |
| 7:06 | Encolar | Villager (Male) |
| 7:12 | Construir | Barracks |
| 7:14 | Encolar | Villager (Male) |
| 7:53 | Encolar | Villager (Male) |
| 8:01 | Construir | House |
| 8:23 | Encolar | Villager (Male) |
| 8:34 | Construir | Mining Camp |
| 8:52 | Encolar | Villager (Male) |
| 9:30 | Encolar | Villager (Male) |
| 10:01 | Construir | House |
| 10:06 | Investigar | Feudal Age |
| 10:35 | Encolar | Militia |
| 10:35 | Encolar | Militia |
| 11:03 | Encolar | Militia |
| 11:36 | Encolar | Villager (Male) |
| 11:52 | Encolar | Militia |
| 12:16 | Edad | Edad Feudal |
| 12:21 | Investigar | Man-at-Arms (upgrade) |
| 12:49 | Encolar | Villager (Male) |
| 13:05 | Encolar | Militia |
| 13:06 | Encolar | Villager (Male) |
| 13:11 | Construir | House |
| 13:21 | Encolar | Militia |
| 13:36 | Encolar | Villager (Male) |
| 13:42 | Encolar | Militia |
| 13:44 | Encolar | Villager (Male) |
| 13:53 | Construir | Mining Camp |
| 14:01 | Investigar | Double-Bit Axe |
| 14:05 | Encolar | Militia |
| 14:10 | Construir | Watch Tower |
| 14:15 | Encolar | Militia |
| 14:20 | Encolar | Villager (Male) |
| 14:29 | Encolar | Villager (Male) |
| 14:31 | Encolar | Militia |
| 14:43 | Construir | House |
| 14:46 | Investigar | Town Watch |
| 14:49 | Encolar | Militia |
| 15:02 | Construir | Blacksmith |
| 15:05 | Encolar | Villager (Male) |
| 15:12 | Construir | House |
| 15:36 | Encolar | Militia |
| 16:08 | Encolar | Villager (Male) |
| 16:08 | Encolar | Villager (Male) |
| 16:11 | Encolar | Militia |
| 16:33 | Investigar | Scale Mail Armor |
| 16:34 | Encolar | Villager (Male) |
| 16:35 | Encolar | Militia |
| 16:40 | Construir | Lumber Camp |
| 16:56 | Construir | Watch Tower |
| 17:03 | Encolar | Militia |
| 17:04 | Encolar | Militia |
| 17:05 | Encolar | Villager (Male) |
| 17:10 | Construir | Barracks |
| 17:30 | Encolar | Villager (Male) |
| 17:41 | Construir | Watch Tower |
| 17:46 | Construir | Watch Tower |
| 17:51 | Construir | Watch Tower |
| 17:55 | Encolar | Villager (Male) |
| 17:58 | Encolar | Villager (Male) |
| 18:22 | Construir | House |
| 18:22 | Construir | House |
| 18:25 | Construir | House |
| 18:33 | Encolar | Villager (Male) |
| 18:49 | Encolar | Villager (Male) |
| 18:56 | Encolar | Militia |
| 19:10 | Investigar | Fletching |
| 19:14 | Construir | House |
| 19:15 | Construir | House |
| 19:25 | Construir | Watch Tower |
| 19:39 | Construir | Watch Tower |
| 19:46 | Encolar | Villager (Male) |
| 19:50 | Construir | Outpost |
| 19:57 | Encolar | Villager (Male) |
| 20:14 | Construir | Mill |
| 20:35 | Encolar | Villager (Male) |
| 20:39 | Encolar | Villager (Male) |
| 20:49 | Construir | Outpost |
| 20:59 | Investigar | Horse Collar |
| 21:04 | Construir | Farm |
| 21:05 | Construir | Farm |
| 21:05 | Construir | Farm |
| 21:05 | Construir | Farm |
| 21:05 | Construir | Farm |
| 21:06 | Construir | Farm |
| 21:06 | Construir | Farm |
| 21:30 | Encolar | Villager (Male) |
| 21:35 | Construir | Outpost |
| 21:59 | Encolar | Villager (Male) |
| 22:09 | Construir | Watch Tower |
| 22:24 | Encolar | Villager (Male) |
| 22:31 | Construir | Watch Tower |
| 22:38 | Construir | Watch Tower |
| 22:46 | Encolar | Villager (Male) |
| 22:50 | Construir | Farm |
| 22:50 | Construir | Farm |
| 22:51 | Construir | Farm |
| 22:52 | Encolar | Villager (Male) |
| 23:18 | Encolar | Villager (Male) |
| 23:27 | Encolar | Villager (Male) |
| 23:42 | Encolar | Villager (Male) |
| 23:47 | Encolar | Militia |
| 23:48 | Encolar | Militia |
| 24:16 | Encolar | Militia |
| 24:24 | Construir | Watch Tower |
| 25:05 | Investigar | Wheelbarrow |
| 25:08 | Construir | Market |
| 25:15 | Construir | Watch Tower |
| 25:17 | Encolar | Villager (Male) |
| 25:45 | Construir | Mining Camp |
| 26:02 | Investigar | Castle Age |
| 26:23 | Construir | Watch Tower |
| 27:10 | Construir | Watch Tower |
| 28:53 | Investigar | Stone Mining |
| 28:53 | Investigar | Gold Mining |
| 28:55 | Investigar | Forging |
| 29:00 | Edad | Edad de los Castillos |
| 29:06 | Encolar | Villager (Male) |
| 29:07 | Encolar | Villager (Male) |
| 29:11 | Construir | Town Center |
| 29:16 | Construir | Town Center |
| 29:22 | Investigar | Squires |
| 29:33 | Investigar | Bodkin Arrow |
| 29:45 | Encolar | Villager (Male) |
| 29:49 | Construir | Farm |
| 29:49 | Construir | Farm |
| 29:49 | Construir | Farm |
| 29:50 | Construir | Farm |
| 29:50 | Construir | Farm |
| 29:52 | Construir | Farm |
| 29:53 | Construir | Farm |
Cronología de la partida
| 6:58 | LowEloNobody · wall_segment Palisade Wall x5 |
| 7:12 | themad22 · first_building Barracks |
| 12:16 | themad22 · age_up feudal |
| 13:17 | LowEloNobody · first_building Barracks |
| 13:28 | LowEloNobody · wall_segment Palisade Wall x1 |
| 14:09 | LowEloNobody · age_up feudal |
| 14:11 | LowEloNobody · first_building Archery Range |
| 18:36 | LowEloNobody · age_up castle |
| 20:56 | LowEloNobody · wall_segment Palisade Wall x1 |
| 20:57 | LowEloNobody · wall_segment Palisade Wall x5 |
| 21:00 | LowEloNobody · wall_segment Palisade Wall x1 |
| 21:01 | LowEloNobody · wall_segment Palisade Wall x4 |
| 21:02 | LowEloNobody · wall_segment Palisade Wall x4 |
| 21:24 | LowEloNobody · first_market_buy 100 food |
| 22:01 | LowEloNobody · wall_segment Palisade Wall x1 |
| 22:02 | LowEloNobody · wall_segment Palisade Wall x1 |
| 25:04 | LowEloNobody · wall_segment Palisade Wall x1 |
| 26:00 | themad22 · first_market_buy 100 food |
| 26:17 | LowEloNobody · first_building Stable |
| 27:04 | LowEloNobody · first_building Monastery |
| 27:27 | LowEloNobody · first_market_sell 100 wood |
| 29:00 | themad22 · age_up castle |
| 31:03 | themad22 · first_market_sell 500 wood |
| 31:49 | themad22 · first_building Castle |
| 36:17 | LowEloNobody · wall_segment Palisade Wall x1 |
| 37:08 | themad22 · first_building Monastery |
| 38:13 | LowEloNobody · first_building Castle |
| 41:17 | LowEloNobody · wall_segment Stone Wall x17 |
| 41:56 | LowEloNobody · wall_segment Palisade Wall x1 |
| 44:51 | LowEloNobody · wall_segment Stone Wall x15 |
| 45:52 | themad22 · age_up imperial |
| 46:20 | LowEloNobody · age_up imperial |
| 49:11 | LowEloNobody · wall_segment Stone Wall x11 |
| 52:28 | themad22 · first_building Stable |
| 55:50 | themad22 · resign |
[ ANÁLISIS IA · 1 CRÉDITO ]
¿Qué pasó realmente en esta partida?
Wolo.gg analiza cada decisión: build order, eco, micro, errores típicos por bracket. Análisis personalizado por WhatsApp o Discord en 30 segundos.
Guía civ
Lituanos
Perfil
Jugador #4114146